 Dungeon Crawl Stone Soup version 0.24.0-13-gcf9b3192b9 (webtiles) character file.

Game seed: 8486671327909079039, levelgen mode: deterministic

31925 Johnny the Fencer (level 13, -6/110 HPs)
             Began as a Troll Berserker on Nov 10, 2019.
             Was a High Priest of Trog.
             Mangled by an orc warrior
             ... wielding a +0 battleaxe
             ... led by an orc warlord
              (15 damage)
             ... on level 2 of the Orcish Mines.
             The game lasted 00:23:37 (13932 turns).

Johnny the Fencer (Troll Berserker)                Turns: 13932, Time: 00:23:38

Health: -6/110     AC:  6    Str: 39      XL:     13   Next: 28%
Magic:  12/12      EV: 15    Int:  5 (6)  God:    Trog [*****.]
Gold:   1071       SH:  0    Dex:  9      Spells: 12/12 levels left

rFire    + + .     SeeInvis +   Q - +5 double sword (slice)
rCold    . . .     Gourm    +   (no shield)
rNeg     . . .     Faith    +   K - +0 robe of Hanuymug {*Slow rPois MR- Str+7}
rPois    +         Spirit   .   (helmet restricted)
rElec    .         Reflect  .   (no cloak)
rCorr    .         Harm     .   (gloves unavailable)
MR       .....                  (boots unavailable)
Stlth    +.........             I - amulet of faith
HPRegen  0.68/turn              P - ring of Diratoac {rPois rF++ MR+ Int+3}
MPRegen  0.13/turn              a - ring of see invisible

@: about to teleport, berserk cooldown, slowed, very slow
A: large, unfitting armour, claws 3, fast metabolism 3, gourmand, regeneration
1, shaggy fur 1, tough skin 3
a: Berserk, Trog's Hand, Brothers in Arms, Renounce Religion


You were on level 2 of the Orcish Mines.
You worshipped Trog.
Trog was extremely pleased with you.
You were very full.

You visited 3 branches of the dungeon, and saw 18 of its levels.
You also visited: Ossuary.

You collected 1115 gold pieces.
You spent 44 gold pieces at shops.

Inventory:

Hand Weapons
 J - a +2 scimitar of flaming
 Q - a +5 double sword of slicing (weapon)
Missiles
 d - 2 throwing nets (quivered)
Armour
 K - the +0 robe of Hanuymug (worn) {*Slow rPois MR- Str+7}
   (You found it on level 14 of the Dungeon)

   It affects your strength (+7).
   It protects you from poison.
   It affects your resistance to hostile enchantments.
   It may slow you when you take damage.
 M - +0 acid dragon scales
Jewellery
 a - a ring of see invisible (right claw)
 I - an amulet of faith (around neck)
 P - the ring of Diratoac (left claw) {rPois rF++ MR+ Int+3}
   (You found it on level 13 of the Dungeon)

   [ring of poison resistance]

   It affects your intelligence (+3).
   It greatly protects you from fire.
   It protects you from poison.
   It affects your resistance to hostile enchantments.
Wands
 D - a wand of clouds (1)
 S - a wand of digging (4)
Scrolls
 e - a scroll of teleportation
 g - 2 scrolls of magic mapping
 l - 3 scrolls of noise
 o - 2 scrolls of immolation
 p - 4 scrolls of enchant armour
 r - 7 scrolls of remove curse
 C - a scroll of holy word
 H - a scroll of fog
 L - a scroll of torment
Potions
 h - a potion of resistance
 i - a potion of haste
 j - 2 potions of curing
 k - 2 potions of might
 n - 3 potions of cancellation
 q - 2 potions of magic
 t - 5 potions of lignification
 u - 2 potions of invisibility
 v - 2 potions of agility
 x - a potion of flight
 E - a potion of mutation {unknown}
Miscellaneous
 T - a sack of spiders
 U - a lightning rod (1/4)
Comestibles
 b - 13 chunks of flesh
 c - 35 rations


   Skills:
 - Level 2.4 Fighting
 * Level 15.2 Long Blades
 + Level 11.4 Dodging


You had 12 spell levels left.
You didn't know any spells.
Your spell library contained the following spells:

 Spells                   Type           Power        Failure   Level  Hunger
 Animate Skeleton         Necr           N/A          47%         1    ##.....
 Apportation              Tloc           #.....       47%         1    ##.....
 Beastly Appendage        Tmut           #.....       47%         1    ##.....
 Confusing Touch          Hex            #.....       47%         1    ##.....
 Corona                   Hex            #......      47%         1    ##.....
 Freeze                   Ice            #...         47%         1    ##.....
 Pain                     Necr           #...         47%         1    ##.....
 Summon Small Mammal      Summ           #...         47%         1    ##.....
 Ensorcelled Hibernation  Hex/Ice        #.....       63%         2    ###....
 Poisonous Vapours        Pois/Air       #.....       63%         2    ###....
 Sticks to Snakes         Tmut           #.......     63%         2    ###....
 Throw Frost              Conj/Ice       #.....       63%         2    ###....
 Confuse                  Hex            #.......     85%         3    ####...
 Conjure Flame            Conj/Fire      #.......     85%         3    ####...
 Dazzling Spray           Conj/Hex       #.....       85%         3    ####...
 Gell's Gravitas          Tloc           #.........   85%         3    ####...
 Mephitic Cloud           Conj/Pois/Air  #.......     85%         3    ####...
 Ozocubu's Armour         Chrm/Ice       #.......     85%         3    ####...
 Regeneration             Chrm/Necr      #.........   85%         3    ####...
 Spider Form              Tmut/Pois      #.........   85%         3    ####...
 Tukima's Dance           Hex            #.......     85%         3    ####...
 Vampiric Draining        Necr           #.........   85%         3    ####...
 Animate Dead             Necr           N/A          99%         4    #####..
 Cause Fear               Hex            #.........   99%         4    #####..
 Ice Form                 Ice/Tmut       #.......     99%         4    #####..
 Petrify                  Tmut/Erth      #.......     99%         4    #####..
 Summon Ice Beast         Ice/Summ       #.......     99%         4    #####..
 Throw Icicle             Conj/Ice       #.......     99%         4    #####..
 Blade Hands              Tmut           #.........   100%        5    ######.
 Metabolic Englaciation   Hex/Ice        #.........   100%        5    ######.
 Silence                  Hex/Air        #.........   100%        5    ######.
 Yara's Violent Unravell  Hex/Tmut       #.........   100%        5    ######.
 Deflect Missiles         Chrm/Air       #.........   100%        6    #######
 Freezing Cloud           Conj/Ice/Air   #.........   100%        6    #######
 Ring of Flames           Chrm/Fire      #.........   100%        7    #######
 Discord                  Hex            #.........   100%        8    #######


Dungeon Overview and Level Annotations

Branches:
Dungeon (15/15)            Temple (1/1) D:7            Lair (0/6) D:8
    Orc (2/2) D:11         Vaults (0/5) D:13        Ossuary (visited)
    Elf: Orc:2       Depths: D:15

Altars:
Ashenzari
Cheibriados
Dithmenos
Elyvilon
Gozag
Hepliaklqana
Kikubaaqudgha
Makhleb
Nemelex Xobeh
Okawaru
Qazlal
Ru
Sif Muna
Trog
Uskayaw
Wu Jian
Xom
Yredelemnul
Zin
The Shining One

Shops:
D:5 =   D:11 =   D:12 %   Orc:2 *[

Annotations:
D:10 exclusion: orange crystal statue
D:13 Rupert


Innate Abilities, Weirdness & Mutations

You are too large for most types of armour.
You have claws for hands.
Your metabolism is lightning-fast.
You like to eat raw meat.
Your natural rate of healing is unusually fast.
You are covered in fur. (AC +1)
You have extremely tough skin. (AC +3)


Message History

The orc priest mumbles some strange prayers to Beogh against you.
Beogh smites you!
* * * LOW HITPOINT WARNING * * *
The orc warlord roars a battlecry!
The orc warlord goes into a battle-frenzy!
The orc warrior completely misses you. The orc warrior closely misses you.
The orc hits the fungus!
Some of the chunks of flesh in your inventory have rotted away.
Unknown command.
Unknown command.
Unknown command.
Unknown command.
Unknown command.
The orc warlord hits the fungus with a +2 great sword of holy wrath!!!
The fungus is destroyed!
The orc high priest mumbles some strange prayers to Beogh against you.
Beogh smites you!
* * * LOW HITPOINT WARNING * * *
The orc warrior hits you with a +0 battleaxe!
You die...

.....##)......#
...)##......##### #....
PP....#..##P.PP.###......
...........P.............
.#.......P..P.....#.....#
#........................
#.........)..)...P.......
.............∩.8...o#....
......##........@oooooo..
.....###.......)oo.ooo...
#.# ##..P...PPooooo...
#..........ooo...
###.P.......oo...
#...............
##..............
#...............
................


You could see 2 orc warlords, an orc high priest, 8 orc warriors, 3 orc priests
and 8 orcs.

Vanquished Creatures
  Erica (D:10)
  5 two-headed ogres
  2 unseen horrors
  Pikel (D:8)
  3 orc sorcerers (Orc:2)
  An orc knight (Orc:2)
  A manticore (D:12)
  3 ugly things
  2 cyclopes
  Psyche (D:9)
  The ghost of Acheron the Chopper, a novice MiBe of Trog (D:5)
  A guardian serpent (shapeshifter) (D:10)
  4 gargoyles
  A queen bee (D:12)
  6 trolls
  3 meliai (D:12)
  A meliai (shapeshifter) (D:14)
  2 hornets
  A slime creature (D:10)
  6 hippogriffs
  A shadow (D:12)
  4 yaks (D:13)
  Sigmund (D:5)
  2 wraiths (Ossuary)
  A wyvern (D:14)
  A water elemental (D:14)
  2 hungry ghosts
  2 steam dragons
  5 wargs
  A soldier ant (shapeshifter) (D:13)
  2 water moccasins
  3 acid dragons
  17 orc warriors
  2 ice beasts
  5 phantoms
  2 sky beasts
  A hornet zombie (D:14)
  2 necrophages
  9 ogres
  13 centaurs
  The ghost of jt the Poker, an amateur OpWr of Ru (D:9)
  5 big kobolds
  7 bullfrogs
  A water moccasin zombie (D:10)
  2 gnoll sergeants (D:11)
  3 scorpions
  26 killer bees
  13 wights
  7 crimson imps
  A bullfrog zombie (D:12)
  4 centaur zombies
  9 hounds
  7 jellies
  4 centaur skeletons
  6 orc priests
  2 bullfrog skeletons
  15 orc wizards
  3 iguanas
  8 worker ants
  2 hound skeletons (D:10)
  3 gnolls (D:5)
  A worker ant zombie (D:8)
  13 adders
  A howler monkey skeleton (D:4)
  2 shadow imps
  2 oozes
  4 adder zombies
  An adder skeleton (D:9)
  5 dart slugs
  4 worms
  10 leopard geckos
  56 orcs
  5 ball pythons
  9 bats
  6 giant cockroaches
  7 goblins
  11 hobgoblins
  3 jackals (D:9)
  20 kobolds
  6 quokkas
  A ball python skeleton (Ossuary)
  4 frilled lizards
  A hobgoblin skeleton (Ossuary)
  A hobgoblin zombie (Ossuary)
  2 kobold zombies (Ossuary)
  A leopard gecko skeleton (D:6)
  An orc skeleton (Ossuary)
  An orc zombie (Ossuary)
  A quokka skeleton (D:6)
  A quokka zombie (D:5)
  11 rats
442 creatures vanquished.

Vanquished Creatures (collateral kills)
  Harold (D:8)
  A centaur warrior (D:13)
  A two-headed ogre (D:10)
  An unseen horror (D:13)
  An orc knight (Orc:1)
  A centaur zombie (D:13)
  A komodo dragon (D:10)
  A troll (D:11)
  A hungry ghost (D:10)
  An orc warrior (D:11)
  A black bear (D:10)
  A necrophage (D:10)
  3 ogres (D:11)
  A centaur (D:13)
  2 big kobolds (D:11)
  3 gnoll sergeants (D:11)
  A killer bee (D:13)
  2 wights (D:8)
  A crimson imp (D:10)
  An orc priest (D:13)
  2 orc wizards
  A hound skeleton (D:10)
  3 orcs
32 creatures vanquished.

Vanquished Creatures (others)
  A wizard (D:3)
  A killer bee (D:12)
  13 fungi (Orc:2)
15 creatures vanquished.

Grand Total: 489 creatures vanquished

Notes
Turn   | Place    | Note
-------+----------+-------------------------------------------
     0 | D:1      | Johnny the Troll Berserker began the quest for the Orb.
     0 | D:1      | Reached XP level 1. HP: 22/22 MP: 0/0
   102 | D:1      | Reached XP level 2. HP: 25/29 MP: 1/1
   199 | D:1      | Reached skill level 3 in Long Blades
   332 | D:1      | Reached XP level 3. HP: 35/36 MP: 2/2
   651 | D:2      | Reached ** piety under Trog
   929 | D:2      | Reached XP level 4. HP: 44/44 MP: 3/3
  1212 | D:2      | Reached skill level 4 in Long Blades
  1751 | D:3      | Reached XP level 5. HP: 34/50 MP: 4/4
  1780 | D:3      | Found a bloodstained altar of Trog.
  1783 | D:3      | Noticed a wizard
  1789 | D:3      | Killed a wizard
  2219 | D:3      | Reached *** piety under Trog
  2311 | D:3      | Noticed a two-headed ogre
  2321 | D:3      | Killed a two-headed ogre
  2321 | D:3      | Reached skill level 6 in Long Blades
  2321 | D:3      | Reached XP level 6. HP: 14/59 MP: 5/5
  2321 | D:3      | Reached XP level 7. HP: 16/66 MP: 6/6
  2715 | D:3      | You fall into a shaft and drop 1 floor!
  2795 | D:4      | Reached skill level 5 in Dodging
  2854 | D:4      | Found a sand-covered staircase.
  2861 | Ossuary  | Entered an ossuary
  2908 | Ossuary  | Reached XP level 8. HP: 74/74 MP: 7/7
  3000 | Ossuary  | Noticed a flying skull
  3006 | Ossuary  | Noticed a flying skull
  3051 | Ossuary  | Reached skill level 7 in Long Blades
  3100 | Ossuary  | Noticed a flying skull
  3214 | Ossuary  | Noticed a flying skull
  3594 | D:5      | Entered Level 5 of the Dungeon
  3601 | D:5      | Reached skill level 8 in Long Blades
  3677 | D:5      | Found a runed translucent door.
  3678 | D:5      | Noticed Acheron's ghost (novice MiBe)
  3735 | D:5      | Killed Acheron's ghost
  3735 | D:5      | Reached XP level 9. HP: 80/80 MP: 8/8
  3748 | D:5      | Reached **** piety under Trog
  3786 | D:5      | Noticed Sigmund
  3797 | D:5      | Killed Sigmund
  3839 | D:5      | Found Voptop's Jewellery Emporium.
  4102 | D:5      | Reached skill level 9 in Long Blades
  4172 | D:5      | Found a white marble altar of Elyvilon.
  5477 | D:6      | Reached skill level 10 in Long Blades
  5683 | D:7      | Found a staircase to the Ecumenical Temple.
  5714 | D:7      | Reached XP level 10. HP: 69/88 MP: 9/9
  6264 | Temple   | Entered the Ecumenical Temple
  6706 | D:8      | Found a staircase to the Lair.
  6934 | D:8      | Noticed a brown ugly thing
  7071 | D:8      | Killed a brown ugly thing
  7078 | D:8      | Reached skill level 11 in Long Blades
  7239 | D:8      | Noticed Pikel
  7248 | D:8      | Noticed Harold
  7255 | D:8      | Killed Pikel
  7264 | D:8      | Killed Harold
  7897 | D:9      | Noticed Psyche
  7907 | D:9      | Killed Psyche
  8119 | D:9      | Found a runed translucent door.
  8120 | D:9      | Noticed jt's ghost (amateur OpWr)
  8321 | D:9      | Killed jt's ghost
  8339 | D:10     | Entered Level 10 of the Dungeon
  8391 | D:10     | Reached ***** piety under Trog
  8438 | D:10     | Reached XP level 11. HP: 94/94 MP: 10/10
  8507 | D:10     | Noticed Erica
  8516 | D:10     | Killed Erica
  8527 | D:10     | Noticed an orange crystal statue
  8557 | D:11     | Noticed a red ugly thing
  8566 | D:11     | Killed a red ugly thing
  8566 | D:11     | Reached skill level 12 in Long Blades
  8641 | D:11     | Noticed a two-headed ogre
  8648 | D:11     | Killed a two-headed ogre
  8778 | D:11     | Found a staircase to the Orcish Mines.
  9152 | D:11     | Received a gift from Trog
  9266 | D:11     | Noticed a cyan ugly thing
  9272 | D:11     | Killed a cyan ugly thing
  9415 | D:11     | You fall into a shaft and drop 3 floors!
  9473 | D:14     | Found a sacrificial altar of Ru.
  9832 | D:14     | Noticed an unseen horror
  9870 | D:14     | Killed an unseen horror
  9951 | D:15     | Entered Level 15 of the Dungeon
  9956 | D:15     | Noticed an unseen horror
  9962 | D:15     | Killed an unseen horror
  9962 | D:15     | Reached skill level 13 in Long Blades
 10127 | D:14     | Received a gift from Trog
 10388 | D:14     | Got an ominously black robe
 10399 | D:14     | Identified the cursed +0 robe of Hanuymug {*Slow rPois MR-
                  | Str+7} (You found it on level 14 of the Dungeon)
 10489 | D:13     | Noticed an unseen horror
 10501 | D:13     | Reached XP level 12. HP: 100/104 MP: 11/11
 10508 | D:13     | Reached skill level 10 in Dodging
 10725 | D:13     | Noticed a centaur warrior
 10734 | D:13     | Killed a centaur warrior
 10746 | D:13     | Noticed Rupert
 10764 | D:13     | Noticed an eight-headed hydra
 10777 | D:13     | Noticed a two-headed ogre
 10778 | D:13     | Noticed a centaur warrior
 10832 | D:13     | Found a gate to the Vaults.
 10913 | D:13     | Got a wavering gossamer ring
 10924 | D:13     | Identified the ring of Diratoac {rPois rF++ MR+ Int+3} (You
                  | found it on level 13 of the Dungeon)
 10964 | D:12     | Paralysed by a hornet for 3 turns
 11024 | D:12     | Found Igyquuf's Food Shop.
 11220 | D:12     | Noticed a two-headed ogre
 11228 | D:12     | Killed a two-headed ogre
 11228 | D:12     | Reached skill level 14 in Long Blades
 12066 | D:11     | Found Jeegye Umegi's Jewellery Shop.
 12409 | D:10     | Received a gift from Trog
 12441 | D:10     | Noticed a two-headed ogre
 12442 | D:10     | Received a gift from Trog
 12443 | D:10     | Killed a two-headed ogre
 12531 | D:10     | Got a twisted spear
 12534 | D:10     | Noticed a two-headed ogre
 12543 | D:10     | Killed a two-headed ogre
 12561 | D:10     | Got a pitted short sword
 12575 | D:10     | Noticed a two-headed ogre
 12581 | D:10     | Killed a two-headed ogre
 12581 | D:10     | Reached XP level 13. HP: 78/110 MP: 12/12
 13042 | D:10     | HP: 4/110 [two-headed ogre/+0 giant club[an orange crystal
                  | statue] (13)]
 13055 | D:10     | HP: 2/110 [lava snake/glob of lava (8)]
 13204 | D:10     | Identified the +8 spear of Discretion {speed, MP+9 Dex+4}
                  | (You found it on level 10 of the Dungeon)
 13205 | D:10     | Identified the +2 short sword "Ceczu Duqe" {protect, rPois
                  | Str+3} (You found it on level 10 of the Dungeon)
 13257 | Orc:1    | Entered Level 1 of the Orcish Mines
 13336 | Orc:1    | Reached skill level 15 in Long Blades
 13677 | Orc:2    | Entered Level 2 of the Orcish Mines
 13802 | Orc:2    | Found Yvvabra's General Store.
 13900 | Orc:2    | Bought a scroll of identify for 22 gold pieces
 13900 | Orc:2    | Bought a scroll of identify for 22 gold pieces
 13910 | Orc:2    | Found Aner's Antique Armour Shop.
 13927 | Orc:2    | Noticed an orc warlord
 13928 | Orc:2    | Noticed an orc warlord
 13932 | Orc:2    | Mangled by an orc warrior

Levels and vault maps discovered:
D:1:      minmay_arrival_four_loops, layout_rooms, minmay_domino_4
D:2:      layout_basic, first_ration
D:3:      layout_basic, serial_glass, glass_columns_c, glass_columns_a,
          due_unseen_surprise, minmay_strange_pillars, item_on_display_a,
          trog_wizard
D:4:      layout_rooms, enter_ossuary_2
D:5:      layout_gridville, elyvilon_altar_1, serial_shops, shop_statue,
          gammafunk_ghost_grave, grunt_ministairs_15,
          kennysheep_opposing_triangles, uniq_sigmund
D:6:      layout_layer_cave, hangedman_minor_gate_pass
D:7:      layout_rooms, minmay_temple_entry_mist
D:8:      layout_gridville, erik_lair_orcish_takeover, uniq_harold, uniq_pikel
D:9:      layout_loops_ring, gammafunk_ghost_grave, blue_anna_alchemist
          [blue_anna_fruit_fields, blue_anna_fruit_fields], uniq_psyche
D:10:     minmay_the_grid_square_5x5_3x3 [minmay_the_grid_square_5x5_trominoes,
          minmay_the_grid_square_5x5_moneybag,
          minmay_the_grid_square_5x5_pentomino_r,
          minmay_the_grid_square_5x5_six_small,
          minmay_the_grid_square_5x5_megaprize_diamond,
          minmay_the_grid_square_5x5_shuriken,
          minmay_the_grid_square_5x5_bridge, minmay_the_grid_square_5x5_meh,
          minmay_the_grid_square_5x5_longway], layout_loops_cross,
          disabler_island, uniq_erica
D:11:     layout_cave_pods, kennysheep_orc_monster_closet_entryway,
          serial_shops, nicolae_shop_stone
D:12:     layout_loops_cross, special_room [special_room_bee], serial_shops,
          nicolae_shop_statue_plus
D:13:     layout_cross, david_vaults_3, nicolae_twisting_strands,
          minmay_librarian
D:14:     layout_basic, nicolae_dithmenos_the_darkroom, basic_altar,
          chequers_serial_rivers_micro_b, st_stairs_2, kennysheep_path_1
D:15:     grunt_enter_depths_snipers, layout_loops_cross, serial_bayou_shore_b
Temple:   dpeg_three_leaves_temple
Orc:1:    layout_caves, mines2_david
Orc:2:    grunt_orc_gardens, layout_diamond_mine, grunt_orc_garden,
          grunt_orc_garden, grunt_orc_garden, grunt_orc_garden, mines5_lemuel,
          uniq_urug

Skill      XL: |  1  2  3  4  5  6  7  8  9 10 11 12 13 |
---------------+----------------------------------------+-----
Long Blades    | 3 4 6 8 10 11 13 14 15 | 15.2
Dodging        | 3 4 5 6 7 8 9 11 | 11.4
Fighting       | |  2.4

Action                   |  1- 3 |  4- 6 |  7- 9 | 10-12 | 13-15 || total
-------------------------+-------+-------+-------+-------+-------++-------
Melee: Falchion          |   117 |    76 |   383 |   287 |       ||   863
       Long sword        |       |    65 |       |       |       ||    65
       Scimitar          |       |       |       |   442 |    45 ||   487
       Double sword      |       |       |       |       |    70 ||    70
Invok: Berserk           |       |     3 |     7 |    28 |     4 ||    42
       Trog's Hand       |       |     1 |     1 |     3 |     1 ||     6
       Brothers in Arms  |       |       |       |     6 |     1 ||     7
Evoke: Wand              |       |       |     4 |    35 |     3 ||    42
       Lightning rod     |       |       |       |       |     4 ||     4
  Use: Scroll            |       |       |    14 |    21 |    10 ||    45
       Potion            |       |       |       |     4 |     9 ||    13
 Stab: Paralysed         |       |       |     3 |     3 |       ||     6
       Confused          |       |       |       |     3 |       ||     3
  Eat: Chunk             |    14 |    16 |    38 |    99 |    16 ||   183
       Ration            |       |       |       |     1 |       ||     1
Armor: Animal skin       |    63 |    49 |    87 |    30 |       ||   229
       Robe              |       |       |       |    65 |    25 ||    90
       Acid dragon scale |       |       |       |    40 |       ||    40
Dodge: Dodged            |    75 |    99 |   197 |   430 |   107 ||   908
       Rpst.: Falchion   |    27 |    14 |    62 |    48 |       ||   151
       Long sword        |       |    15 |       |       |       ||    15
       Scimitar          |       |       |       |    71 |     9 ||    80
       Double sword      |       |       |       |       |    11 ||    11
